 Dungeon Crawl Stone Soup version 0.31.0-32-g396128a36d (webtiles) character file.

Game seed: 10290631281220098595

86 Alphaeus the Ruffian (level 4, 0/41 HPs)
             Began as a Troll Shapeshifter on Mar 18, 2024.
             Slain by Pikel
             ... wielding a +0 whip of flaming
              (3 damage)
             ... on level 4 of the Dungeon.
             The game lasted 00:03:47 (1643 turns).

Alphaeus the Ruffian (Troll Shapeshifter)           Turns: 1643, Time: 00:03:47

Health: 0/41       AC:  4    Str: 22    XL:     4   Next: 26%
Magic:  3/3        EV:  9    Int:  8    God:
Gold:   198        SH:  0    Dex:  9    Spells: 3/3 levels left

rFire   . .          .
                       - Unarmed
rCold   . . .        (no shield)
rNeg    . . .        a - +0 animal skin
rPois   .            (helmet currently unavailable)
rElec   .            (cloak currently unavailable)
rCorr   .            (gloves unavailable)
SInv    .            (boots unavailable)
Will    .....        (no amulet)
Stlth   +            (no ring)
HPRegen 1.06/turn    (no ring)
MPRegen 0.08/turn

%: no passive effects
@: beast-form
A: beast (slay +2), large, unfitting armour, claws 3, regeneration 1, shaggy fur
1, tough skin 1
a: Begin Untransformation


You were on level 4 of the Dungeon.
You were a hulking beast.
You visited 1 branch of the dungeon, and saw 4 of its levels.

You collected 198 gold pieces.

Inventory:

Armour
 a - a +0 animal skin (worn)
Talismans
 c - a beast talisman
 d - a flux talisman
 l - a maw talisman
Scrolls
 e - 2 scrolls of identify
 f - a scroll of blinking {unknown}
 h - a scroll of revelation {unknown}
 i - 2 scrolls of vulnerability
Potions
 b - 2 potions of lignification
 g - a potion of mutation
 j - a potion of might {unknown}
 k - a potion of curing {unknown}


   Skills:
 + Level 1.5 Fighting
 - Level 1.5 Dodging
 * Level 4.0 Unarmed Combat
 * Level 3.8 Shapeshifting


You had 3 spell levels left.
You didn't know any spells.
Your spell library contained the following spells:

 Spells                   Type           Power      Damage    Failure   Level
 Apportation              Tloc           0%         N/A       41%         1
 Necrotise                Necr           0%         1d4       41%         1
 Sting                    Conj/Alch      0%         1d3       41%         1
 Summon Small Mammal      Summ           0%         N/A       41%         1


Dungeon Overview and Level Annotations

Branches:
Dungeon (4/15)
 Temple: D:4-7

Altars:
Cheibriados
Qazlal
Xom

Annotations:
D:4 Pikel


Innate Abilities, Weirdness & Mutations

You are a hulking beast.
Your limbs bulge with bestial killing power. (Slay +2)
You are too large for most types of armour.
You have claws for hands.
Your natural rate of healing is unusually fast.
You are covered in fur. (AC +1)
You have tough skin. (AC +1)


Message History

A lemure, 2 gnolls and 2 kobolds come into view.
The gnoll shouts! x2; The kobold shouts! x2; You hear a shout!
A lemure comes into view.
A gnoll comes into view. It is wielding a +0 flail.
You see here a +0 dagger.
The lemure shouts!
You scratch Pikel but do no damage.
Pikel hits you with a +0 whip of flaming.
Pikel burns you.
You closely miss Pikel.
Pikel hits you with a +0 whip of flaming.
Pikel burns you.
You scratch the lemure.
The lemure is moderately wounded.
A ball python comes into view.
The lemure hits you but does no damage. Pikel closely misses you.
You scratch the lemure but do no damage.
The lemure is moderately wounded.
The lemure hits you. Pikel misses you.
There are monsters nearby!
The lemure attacks as it pursues you! The lemure hits you.
The lemure attacks as it pursues you! The lemure hits you.
The lemure attacks as it pursues you! The lemure barely misses you.
The lemure hits you. The lemure attacks as it pursues you! The lemure hits you!
There is a stone staircase leading up here.
You scratch the lemure.
The lemure is moderately wounded.
You scratch the lemure.
The lemure is heavily wounded.
Pikel hits you with a +0 whip of flaming.
Pikel burns you. The lemure hits you.
* * * LOW HITPOINT WARNING * * *
You scratch Pikel.
Pikel is lightly wounded.
Pikel hits you with a +0 whip of flaming!
* * * LOW HITPOINT WARNING * * *
Pikel burns you.
You die...
Pikel says, "Another soul for the market."

##........#.......#.'...+
#........#+#...#+#.#####
#..........#...#.....#
#......#...##+##.....#
#.......)......#.....#
##..........g..#'#.###
#....#...5K.5..#.+
#...#...#K5.####
#....KK###h## #..#.g##
### ##.#5g.# #.g.#.##
##.g...# #.)#### #..g..#
#......g5..
.......S.K?....


You could see Pikel, 3 lemures, a gnoll and a kobold.

Vanquished Creatures
  An iguana (D:4)
  2 adders
  2 dart slugs
  An orc (D:3)
  3 endoplasms
  4 giant cockroaches
  3 goblins
  4 hobgoblins
  6 kobolds
  3 quokkas
  A ball python (D:3)
  4 frilled lizards
  A rat (D:3)
35 creatures vanquished.

Notes
Turn   | Place    | Note
-------+----------+-------------------------------------------
     0 | D:1      | Alphaeus the Troll Shapeshifter began the quest for the
                  | Orb.
     0 | D:1      | Reached XP level 1. HP: 18/18 MP: 0/0
   161 | D:1      | Reached skill level 1 in Fighting
   161 | D:1      | Reached XP level 2. HP: 20/27 MP: 1/1
   188 | D:1      | Found a faded altar of an unknown god.
   495 | D:2      | Reached XP level 3. HP: 27/33 MP: 2/2
  1292 | D:3      | Found a snail-covered altar of Cheibriados.
  1332 | D:3      | Found a shimmering altar of Xom.
  1332 | D:3      | Found a stormy altar of Qazlal.
  1444 | D:4      | Reached XP level 4. HP: 9/41 MP: 3/3
  1622 | D:4      | Noticed Pikel
  1622 | D:4      | Noticed a lemure
  1622 | D:4      | Noticed a lemure
  1625 | D:4      | Reached skill level 4 in Unarmed Combat
  1625 | D:4      | Noticed a lemure
  1625 | D:4      | Noticed a lemure
  1643 | D:4      | Slain by Pikel

Illustrated notes

Levels and vault maps discovered:
D:1:      nzn_arrival_settlement, layout_basic,
          shapermc_ecumenical_altar_mp_ritualfount
D:2:      layout_basic, serial_shops, shop
D:3:      layout_basic, general_overflow_altar, amethyst_overflow_temple_binary
D:4:      nicolae_cairo_tiling_large, layout_layer_cave, lemuel_doored_altar,
          lightli_temple_of_fire, uniq_menkaure, uniq_pikel

Skill      XL: |  1  2  3  4 |
---------------+-------------+-----
Fighting       | 1 |  1.5
Unarmed Combat | 4 |  4.0
Dodging        | |  1.5
Shapeshifting  | |  3.8

Action                     |  1- 3 |  4- 6 || total
---------------------------+-------+-------++-------
  Melee: Unarmed           |    65 |    11 ||    76
         Punch             |     1 |       ||     1
    Use: Scroll            |     4 |       ||     4
   Stab: Sleeping          |     3 |       ||     3
 Armour: Animal skin       |    29 |    15 ||    44
  Dodge: Dodged            |    22 |     7 ||    29
